Map: Gresvan LE

Players

Twohey

  • Race: Protoss Protoss
  • League: Diamond
  • Spawn Location: 5:00

VeRITate - Winner!

  • Race: Protoss Protoss
  • League: Diamond
  • Spawn Location: 11:00

VOD

Have the link to the VOD?

Description

Time

  • Played on: May 7, 2023, 3:31 p.m.
  • Length: 7:31
Show
View Real Time Build Order
Export as new Build Order

Twohey Protoss 

Build Orders: Oracle Opening 

Get SALT Encoding   

  12  0:00  Probe  
  13  0:13  Probe  
  14  0:17  Pylon  
  14  0:25  Probe (Chrono Boost)  
  15  0:37  Probe (Chrono Boost)  
  15  0:38  Gateway  
  16  0:44  Probe (Chrono Boost)  
  16  0:48  Assimilator  
  17  0:55  Probe  
  18  1:05  Gateway  
  18  1:14  Probe  
  19  1:27  Probe  
  19  1:29  Cybernetics Core  
  19  1:45  Probe  
  20  2:03  Pylon  
  20  2:05  Warp Gate  
  20  2:07  Stalker  
  22  2:21  Stalker  
  24  2:32  Nexus  
  24  2:45  Pylon  
  24  2:49  Probe (Chrono Boost)  
  25  3:00  Probe (Chrono Boost)  
  25  3:05  Probe (Chrono Boost)  
  26  3:11  Stargate  
  27  3:13  Assimilator  
  27  3:22  Probe  
  28  3:33  Shield Battery  
  28  3:37  Probe (Chrono Boost)  
  28  3:38  Assimilator  
  28  3:40  Assimilator  
  29  3:47  Probe (Chrono Boost)  
  31  3:50  Probe (Chrono Boost)  
  31  3:51  Probe (Chrono Boost)  
  32  3:58  Oracle  
  32  3:59  Probe (Chrono Boost)  
  32  4:01  Adept  
  32  4:02  Adept  
  40  4:04  Probe (Chrono Boost)  
  41  4:10  Pylon  
  41  4:11  Probe (Chrono Boost)  
  41  4:14  Probe (Chrono Boost)  
  43  4:17  Probe (Chrono Boost)  
  43  4:19  Probe (Chrono Boost)  
  45  4:26  Probe (Chrono Boost)  
  45  4:29  Stalker, Probe (Chrono Boost)  
  45  4:31  Stalker  
  52  4:42  Probe (Chrono Boost)  
  52  4:44  Probe (Chrono Boost)  
  53  4:47  Probe (Chrono Boost)  
  53  4:50  Probe (Chrono Boost)  
  55  4:56  Probe  
  56  5:02  Probe  
  53  5:21  Zealot x2  
  53  5:26  Twilight Council  
  53  5:27  Gateway  
  57  5:31  Gateway  
  57  5:34  Gateway  
  61  5:37  Shield Battery, Gateway  
  61  5:38  Probe  
  61  5:40  Void Ray, Pylon  
  62  5:44  Pylon  
  62  5:57  Charge (Chrono Boost)  
  62  5:58  Probe  
  62  6:00  Probe  
  64  6:10  Probe  
  65  6:12  Zealot x2  
  69  6:20  Templar Archives  
  69  6:21  Forge  
  69  6:23  Robotics Facility  
  69  6:32  Zealot  
  69  6:33  Zealot  
  69  6:39  Zealot  
  75  6:40  Zealot  
  75  6:45  Nexus  
  75  6:46  Pylon  
  77  6:48  Pylon  
  77  6:52  Pylon  
  77  6:55  Pylon  
  55  7:18  Zealot x3  
  55  7:19  Zealot x3  
Show
View Real Time Build Order
Export as new Build Order

VeRITate Protoss - Winner!

Build Orders: 1 Gate Expand 

Get SALT Encoding   

  12  0:00  Probe  
  13  0:12  Probe  
  14  0:17  Pylon  
  14  0:25  Probe  
  15  0:36  Gateway  
  15  0:38  Probe  
  16  0:48  Assimilator  
  16  0:50  Probe  
  17  1:02  Probe (Chrono Boost)  
  17  1:03  Assimilator  
  18  1:09  Assimilator  
  18  1:14  Probe (Chrono Boost)  
  19  1:18  Probe (Chrono Boost)  
  20  1:41  Nexus  
  20  1:53  Cybernetics Core  
  20  1:56  Probe  
  21  2:10  Probe  
  21  2:14  Pylon  
  22  2:26  Probe  
  23  2:30  Stalker (Chrono Boost)  
  23  2:32  Robotics Facility  
  23  2:35  Warp Gate  
  25  2:44  Shield Battery  
  25  2:53  Stalker  
  27  3:04  Probe  
  28  3:06  Probe  
  28  3:10  Twilight Council  
  29  3:16  Probe  
  29  3:18  Probe  
  31  3:21  Stalker (Chrono Boost)  
  33  3:28  Probe  
  33  3:33  Probe  
  35  3:40  Probe  
  35  3:41  Immortal (Chrono Boost)  
  40  3:53  Probe  
  41  3:56  Resonating Glaives (Chrono Boost)  
  41  3:58  Pylon  
  41  4:00  Gateway  
  41  4:04  Probe  
  42  4:11  Probe  
  42  4:16  Probe  
  44  4:18  Immortal (Chrono Boost)  
  44  4:23  Probe  
  49  4:28  Stalker  
  49  4:30  Probe  
  52  4:35  Probe  
  53  4:42  Gateway  
  53  4:53  Pylon  
  53  5:02  Gateway  
  53  5:05  Immortal  
  52  5:09  Stalker  
  51  5:24  Stalker  
  53  5:30  Probe x2  
  53  5:34  Gateway  
  55  5:36  Pylon  
  55  5:42  Probe x2  
  57  5:47  Warp Prism (Chrono Boost)  
  59  6:01  Adept x2  
  59  6:04  Probe x2  
  65  6:15  Adept x2  
  69  6:19  Pylon  
  69  6:29  Observer  
  70  6:37  Pylon, Probe x2  
  70  6:38  Pylon  
  72  6:42  Adept x3  
  78  6:56  Immortal (Chrono Boost)  
  82  7:03  Adept x4  
  84  7:10  Stalker  
  80  7:27  Adept x3  
Tags
 
Add a new tag
Caveats
  • Supply blocks, unpowered buildings, or Contaminate may cause inaccurate times.
  • Supply counts are checked every 10 seconds.